 Dungeon Crawl Stone Soup version 0.30.0-15-g856e2d3f33 (webtiles) character file.

Game seed: 159085249624366191

4 CaptainMV the Ducker (level 1, 0/15 HPs)
             Began as a Demonspawn Wanderer on May 18, 2023.
             Succumbed to a kobold's poison
             ... on level 1 of the Dungeon.
             The game lasted 00:02:36 (153 turns).

CaptainMV the Ducker (Demonspawn Wanderer)           Turns: 153, Time: 00:02:36

Health: 0/15       AC:  3    Str: 11    XL:     1   Next: 50%
Magic:  2/2        EV: 12    Int: 13    God:
Gold:   0          SH:  0    Dex: 13    Spells: 1/2 levels left

rFire   . . .        a - +0 dagger
rCold   . . .        (no shield)
rNeg    . . .        c - +0 robe
rPois   .            d - +0 helmet
rElec   .            (no cloak)
rCorr   .            (no gloves)
SInv    .            (no boots)
Will    .....        (no amulet)
Stlth   +            (no ring)
HPRegen 0.22/turn    (no ring)
MPRegen 0.08/turn

%: no passive effects
@: lethally poisoned (0 -> -8)
A: no striking features
a: no special abilities


You were on level 1 of the Dungeon.
You visited 1 branch of the dungeon, and saw 1 of its levels.

Inventory:

Hand Weapons
 a - a +0 dagger (weapon)
Armour
 c - a +0 robe (worn)
 d - a +0 helmet (worn)
Scrolls
 b - a scroll of blinking


   Skills:
 + Level 1.0 Fighting
 + Level 2.8 Dodging
 + Level 1.0 Spellcasting
 + Level 1.9 Transmutations
 + Level 2.1 Poison Magic
 + Level 1.0 Evocations


You had one spell level left.
You knew the following spells:

 Your Spells              Type           Power      Damage    Failure   Level
a - Sting                 Tmut/Pois      20%        1d4       12%         1

Your spell library contained the following spells:

 Spells                   Type           Power      Damage    Failure   Level
 Passwall                 Tmut/Erth      2%         N/A       28%         2
 Spider Form              Tmut/Pois      5%         N/A       36%         3
 Mephitic Cloud           Conj/Pois/Air  2%         N/A       54%         3


Dungeon Overview and Level Annotations

Branches:
Dungeon (1/15)

Altars:


Message History

A rat comes into view.
The rat moves out of view.
Found 6 gold pieces.
The goblin barely misses you.
You closely miss the goblin. The rat barely misses you.
The goblin hits you with a +0 dagger.
You hit the goblin.
The goblin is heavily wounded.
The rat barely misses you. The goblin misses you.
You hit the goblin but do no damage.
The goblin is heavily wounded.
The rat closely misses you. The goblin hits you with a +0 dagger.
You hit the goblin.
You kill the goblin!
The rat closely misses you.
A kobold comes into view.
It is wielding a +1 short sword of venom.
The kobold shouts!
The rat barely misses you. The rat closely misses you.
You see here a +0 dagger.
You hit the rat but do no damage. The rat bites you but does no damage.
The rat barely misses you.
You closely miss the rat. The rat barely misses you. x2
You hit the rat but do no damage. The rat closely misses you.
The rat completely misses you.
You hit the rat but do no damage. The rat closely misses you.
The rat bites you.
You closely miss the rat. The rat bites you. The rat barely misses you.
You completely miss the rat. The rat bites you but does no damage.
The kobold hits you but does no damage.
You are lethally poisoned!
The rat barely misses you.
You completely miss the kobold.
* * * LOW HITPOINT WARNING * * *
You feel very sick. The rat bites you.
* * * LOW HITPOINT WARNING * * *
The kobold barely misses you. The rat closely misses you.
You hit the kobold.
You kill the kobold!
You die...

.....
.........#######
8....
................
.....
######'########
###+# #.#######
# #.......# #
#.......# #
#.......#
#.......#
#@r.....#
#r).....#
#.......+
#.......#
........#
...$....#
...##+##. ....+


You could see 2 rats.

Vanquished Creatures
  A goblin (D:1)
  2 quokkas (D:1)
  A kobold (D:1)
4 creatures vanquished.

Notes
Turn   | Place    | Note
-------+----------+-------------------------------------------
     0 | D:1      | CaptainMV the Demonspawn Wanderer began the quest for the
                  | Orb.
     0 | D:1      | CaptainMV set off with the following items: a +0 dagger, a
                  | scroll of blinking, a +0 robe, a +0 helmet; and the
                  | following spells available to memorise: Sting, Passwall,
                  | Spider Form, Mephitic Cloud.
     0 | D:1      | Reached XP level 1. HP: 15/15 MP: 2/2
     8 | D:1      | Learned a level 1 spell: Sting
   153 | D:1      | Succumbed to a kobold's poison

Illustrated notes

Levels and vault maps discovered:
D:1:      grunt_arrival_lava_bath, layout_basic

Action                     || total
---------------------------++-------
  Melee: Dagger            ||    14
   Cast: Sting             ||     2
    Use: Scroll            ||     1
 Armour: Robe              ||     4
  Dodge: Dodged            ||    23
